 Dungeon Crawl Stone Soup version 0.23.2-1-ga50397a6bc (webtiles) character file.

Game seed: 18117596183403732581

436 MisterOstroum the Charmwright (level 7, -1/36 HPs)
             Began as a Vine Stalker Skald on May 21, 2019.
             Was an Initiate of Sif Muna.
             Killed from afar by an orc wizard (4 damage)
             ... with a magic dart
             ... on level 4 of the Dungeon.
             The game lasted 00:10:55 (4853 turns).

MisterOstroum the Charmwright (Vine Stalker Skald)  Turns: 4853, Time: 00:10:56

Health: -1/36      AC:  3    Str: 15    XL:     7   Next: 1%
Magic:  0/11       EV: 12    Int: 13    God:    Sif Muna [......]
Gold:   133        SH:  0    Dex: 14    Spells: 2/10 levels left

rFire    x . .     SeeInvis .   i - +0 whip
rCold    + . .     Gourm    .   (no shield)
rNeg     . . .     Faith    .   b - +0 leather armour
rPois    .         Spirit   +   (no helmet)
rElec    .         Reflect  .   (no cloak)
rCorr    .         Harm     .   (no gloves)
MR       .....                  (no boots)
Stlth    ..........             (no amulet)
HPRegen  0.52/turn              k - ring of attention (curse)
MPRegen  0.12/turn              m - ring of ice

@: infused, very slightly contaminated
A: fangs 2, regeneration 1, magic shield, antimagic bite, no potion heal 3, rot
immunity
a: Renounce Religion


You were on level 4 of the Dungeon.
You worshipped Sif Muna.
Sif Muna was noncommittal.
You were hungry.

You visited 1 branch of the dungeon, and saw 5 of its levels.

You collected 133 gold pieces.

Inventory:

Hand Weapons
 a - a +0 mace
 i - a +0 whip (weapon)
 u - a +1 war axe of chopping
Missiles
 c - 67 stones (quivered)
Armour
 b - a +0 leather armour (worn)
Jewellery
 k - a cursed ring of attention (left hand)
 l - an uncursed ring of flight
 m - a ring of ice (right hand)
 s - an uncursed amulet of faith {unknown}
Wands
 r - a wand of paralysis (6)
Scrolls
 f - 3 scrolls of amnesia {unknown}
 g - 5 scrolls of identify {unknown}
 h - 2 scrolls of remove curse {unknown}
 j - 3 scrolls of teleportation {unknown}
 n - a scroll of magic mapping {unknown}
 o - a scroll of enchant weapon {unknown}
 t - a scroll of noise {unknown}
Potions
 d - 3 potions of cancellation {unknown}
 p - a potion of curing {@q1 !q}
 q - a potion of flight {unknown}
Comestibles
 e - 7 rations
 v - 2 chunks of flesh


   Skills:
 + Level 3.6 Fighting
 + Level 3.6 Maces & Flails
 - Level 0.7 Armour
 - Level 1.5 Dodging
 - Level 2.1 Spellcasting
 + Level 4.6 Charms
 + Level 2.9 Necromancy


You had 2 spell levels left.
You knew the following spells:

 Your Spells              Type           Power        Failure   Level  Hunger
a - Infusion              Chrm           ##..         4%          1    ##.....
b - Song of Slaying       Chrm           ##......     7%          2    ###....
c - Regeneration          Chrm/Necr      ##........   19%         3    ####...
d - Shroud of Golubria    Chrm/Tloc      #.........   19%         2    ###....

Your spell library contained the following spells:

 Spells                   Type           Power        Failure   Level  Hunger
 Spectral Weapon          Hex/Chrm       #.......     34%         3    ####...


Dungeon Overview and Level Annotations

Branches:
Dungeon (5/15)
 Temple: D:4-7

Altars:
Fedhas
Sif Muna
Xom


Innate Abilities, Weirdness & Mutations

You have extremely sharp teeth.
Your natural rate of healing is unusually fast.
When hurt, damage is shared between your health and your magic reserves.
Your bite disrupts and absorbs the magic of your enemies.
Potions cannot restore your health.
You are immune to rotting.


Message History

An orc comes into view.
It is wielding a +0 mace and wearing a +0 ring mail of cold resistance.
You closely miss the orc.
The orc is heavily wounded.
The orc hits you with a +0 club.
You hit the orc.
You kill the orc!
Sif Muna accepts your kill.
Throwing (i - inventory)
c - 70 stones (quivered)
Press: ? - help, Shift-Dir - straight line, f - orc wizard
Aim: an orc wizard, wielding a +0 dagger and wearing a cursed -1 robe You throw a stone.
The stone barely misses the orc wizard.
The stone barely misses the orc.
The stone hits the orc priest but does no damage.
Throwing (i - inventory)
c - 69 stones (quivered)
Press: ? - help, Shift-Dir - straight line, f/p - orc wizard
Aim: an orc wizard, wielding a +0 dagger and wearing a cursed -1 robe You throw a stone.
The stone hits the orc wizard but does no damage.
Throwing (i - inventory)
c - 68 stones (quivered)
Press: ? - help, Shift-Dir - straight line, f/p - orc wizard
Aim: an orc wizard, wielding a +0 dagger and wearing a cursed -1 robe You throw a stone.
The stone hits the orc wizard but does no damage.
Casting: Infusion (safe; 4% risk of failure)
Confirm with . or Enter, or press ? or * to list all spells.
You begin infusing your attacks with magical energy.
The orc wizard casts a spell at you. The magic dart hits you!
Okay, then.
Casting: Infusion (safe; 4% risk of failure)
Confirm with . or Enter, or press ? or * to list all spells.
You miscast Regeneration.
You are very lightly contaminated with residual magic.
You hear strange and distant voices.
The orc wizard hits you with a +0 dagger.
Casting: Regeneration (safe; 19% risk of failure)
Confirm with . or Enter, or press ? or * to list all spells.
Your skin crawls.
You are feeling hungry.
The orc wizard hits you with a +0 dagger.
The orc priest invokes the aid of Beogh against you.
Beogh smites you!
You barely miss the orc wizard.
The orc wizard mumbles some strange words.
The orc wizard seems to speed up.
You closely miss the orc wizard. Your bite misses the orc wizard.
The orc wizard barely misses you. The orc wizard closely misses you.
You closely miss the orc wizard.
The orc wizard hits you with a +0 dagger.
You closely miss the orc wizard. Your bite misses the orc wizard.
The orc wizard hits you with a +0 dagger.
The orc priest mumbles some strange prayers to Beogh against you.
Beogh smites you!
You barely miss the orc wizard. You bite the orc wizard.
The orc wizard's magic leaks into the air.
You drain its magic.
You feel invigorated.
The orc wizard is lightly wounded.
The orc wizard hits you but does no damage.
The orc wizard closely misses you.
The orc priest begins to cast a cantrip, but forgets the words!
You hit the orc wizard!
The orc wizard is almost dead.
The orc wizard gestures at you while chanting.
The magic dart hits you.
* * * LOW HITPOINT WARNING * * *
You closely miss the orc wizard. Your bite misses the orc wizard.
The orc wizard is almost dead.
Your skin is crawling a little less now.
The orc wizard hits you with a +0 dagger.
* * * LOW HITPOINT WARNING * * *
The orc wizard hits you with a +0 dagger.
* * * LOW HITPOINT WARNING * * *
You barely miss the orc wizard. Your bite misses the orc wizard.
The orc wizard is almost dead.
The orc wizard falters for a moment.
You hit the orc wizard.
You bite the orc wizard, but do no damage.
The orc wizard is almost dead.
The orc wizard casts a spell.
The orc wizard blinks!
The orc closely misses you.
The orc priest mumbles some strange prayers to Beogh against you.
Beogh smites you!
* * * LOW HITPOINT WARNING * * *
Things that are here:
a +0 club; a +0 leather armour; an orc corpse You hit the orc.
You bite the orc, but do no damage.
The orc is almost dead.
The orc barely misses you.
You hit the orc but do no damage. Your bite misses the orc.
The orc is almost dead.
Your skin stops crawling.
The orc wizard gestures at you while chanting.
The magic dart hits you.
* * * LOW HITPOINT WARNING * * *
The orc hits you with a +0 flail.
* * * LOW HITPOINT WARNING * * *
The orc wizard casts a spell at you. The magic dart hits you.
You die...

.# .# #.. .# #(. .# #(. .# #(#
.# #o# .# #o# .# #o#
.###############@#
...............#.#
##############.#.#
......#......#.#o#
#####.#.####.#.#.# # #.#.#
#.#.#.# #####.#.####.#.#.#
.............#.#.#############
...............#.<...........#


You could see an orc priest, an orc wizard and 2 orcs.

Vanquished Creatures
  A scorpion (D:2)
  2 orc priests (D:4)
  2 jellies (D:2)
  A gnoll shaman (D:4)
  A worker ant (D:4)
  2 hound skeletons
  6 adders
  3 gnolls (D:4)
  A howler monkey skeleton (D:4)
  An adder skeleton (D:4)
  A worm (D:2)
  3 leopard geckos
  3 orcs (D:4)
  7 bats
  7 giant cockroaches
  8 goblins
  10 hobgoblins
  An iguana (D:2)
  6 jackals
  5 quokkas
  3 ball pythons (D:1)
  6 frilled lizards
  4 kobolds
  8 rats
92 creatures vanquished.

Notes
Turn   | Place    | Note
-------+----------+-------------------------------------------
     0 | D:1      | MisterOstroum the Vine Stalker Skald began the quest for
                  | the Orb.
     0 | D:1      | Reached XP level 1. HP: 11/11 MP: 4/4
   385 | D:1      | Reached XP level 2. HP: 11/15 MP: 3/6
  1217 | D:1      | Reached XP level 3. HP: 13/18 MP: 4/7
  1393 | D:1      | Learned a level 2 spell: Song of Slaying
  1397 | D:1      | Learned a level 3 spell: Regeneration
  2175 | D:2      | Gained mutation: Your natural rate of healing is unusually
                  | fast. [Vine Stalker growth]
  2175 | D:2      | Reached XP level 4. HP: 21/23 MP: 1/8
  2275 | D:2      | Reached skill level 1 in Necromancy
  2333 | D:2      | Reached XP level 5. HP: 12/27 MP: 1/9
  2561 | D:2      | Reached skill level 4 in Charms
  2564 | D:2      | Found a shimmering altar of Xom.
  3233 | D:3      | Reached XP level 6. HP: 32/32 MP: 8/10
  3889 | D:3      | Found a deep blue altar of Sif Muna.
  3968 | D:3      | Became a worshipper of Sif Muna the Loreminder
  4173 | D:4      | Found a blossoming altar of Fedhas.
  4319 | D:5      | Entered Level 5 of the Dungeon
  4584 | D:4      | Learned a level 2 spell: Shroud of Golubria
  4733 | D:4      | Reached XP level 7. HP: 21/36 MP: 7/11
  4853 | D:4      | Killed from afar by an orc wizard

Skill      XL: |  1  2  3  4  5 |
---------------+----------------+-----
Fighting       | 2 3 |  3.6
Maces & Flails | 2 3 |  3.6
Necromancy     | 1 2 |  2.9
Charms         | 4 |  4.6
Armour         | |  0.7
Dodging        | |  1.5
Spellcasting   | |  2.1

Action                   |  1- 3 |  4- 6 |  7- 9 || total
-------------------------+-------+-------+-------++-------
Melee: Mace              |    32 |       |       ||    32
       Bite              |    12 |    71 |     3 ||    86
       Whip              |    57 |   232 |    13 ||   302
Throw: Stone             |    69 |   123 |     8 ||   200
 Cast: Infusion          |     3 |    10 |     1 ||    14
       Regeneration      |       |     1 |     1 ||     2
  Use: Potion            |     1 |       |       ||     1
  Eat: Chunk             |     4 |     8 |     1 ||    13
Armor: Leather armour    |    30 |    32 |       ||    62
Dodge: Dodged            |    54 |   116 |     5 ||   175
